 Dungeon Sprint DCSS version 0.17-a0-1674-g2b13139 (webtiles) character file.

42129 Kidiri the Imperceptible (level 13, 0/82 HPs)
             Began as a Spriggan Enchanter on Aug 18, 2015.
             Was the Champion of Dithmenos.
             Killed by the air
             ... invoked by Gastronok
              (14 damage)
             ... in the Dungeon (Sprint III: "The Ten Rune Challenge").
             The game lasted 00:17:51 (4468 turns).

Kidiri the Imperceptible (Spriggan Enchanter)       Turns: 4468, Time: 00:17:51

Health: 0/82       AC:  3    Str:  8 (9)  XL:     13   Next: 13%
Magic:  32/34      EV: 35    Int: 19      God:    Dithmenos [******]
Gold:   72         SH:  0    Dex: 19      Spells: 10 memorised, 20 levels left

rFire  . . .     SeeInvis +     a - +1 dagger
rCold  . . .     Clarity  .     b - +1 robe
rNeg   . . .     SustAt   .     (shield restricted)
rPois  +         Gourm    .     (helmet restricted)
rElec  .         Spirit   .     (no cloak)
rCorr  .         Warding  .     (gloves unavailable)
rMut   .         NoTele   +     (boots unavailable)
MR     ++...                    (no amulet)
Stlth  ..........               (no ring)
                                (no ring)

@: berserking (expiring), wreathed by umbra, very quick, very resistant to
hostile enchantments, extremely unstealthy
A: unfitting armour, talons 1, see invisible, deterioration 1, herbivore 3,
speed 3, sense surroundings 1, poison resistance, slow metabolism 2
a: Shadow Step, Shadow Form, Renounce Religion
}: 1/10 runes: serpentine


You were in the Dungeon.
You worshipped Dithmenos.
Dithmenos was exalted by your worship.
You were not hungry.

You visited 1 branch You collected 72 gold pieces.

Inventory:

Hand weapons
 a - a +1 dagger (weapon)
Missiles
 c - 7 throwing nets (quivered)
Armour
 b - a +1 robe (worn)
Magical devices
 k - a wand of magic darts (29)
Scrolls
 n - a scroll of remove curse
Potions
 e - a potion of curing
 g - a potion of haste
 h - 2 potions of magic
 i - a potion of berserk rage
 l - a potion of might
 o - 4 potions of cure mutation {unknown}
 p - 3 potions of flight
Comestibles
 d - 6 fruits
 t - 26 royal jellies


   Skills:
 + Level 11.4 Short Blades
 * Level 19.4 Dodging
 * Level 21.0 Stealth
 * Level 16.8 Spellcasting
 + Level 7.7 Conjurations
 + Level 12.5 Hexes
 + Level 12.1 Charms
 + Level 8.4 Ice Magic
 + Level 8.2 Air Magic
 + Level 9.4 Invocations


You had 20 spell levels left.
You knew the following spells:

 Your Spells              Type           Power        Failure   Level  Hunger
a - Corona                Hex            ######.      1%          1    None
b - Ensorcelled Hibernat  Hex/Ice        ######       1%          2    None
c - Confuse               Hex            ######..     1%          3    None
d - Tukima's Dance        Hex            ######..     1%          3    None
e - Dazzling Spray        Conj/Hex       ######..     1%          3    None
f - Shock                 Conj/Air       ####         1%          1    None
g - Repel Missiles        Chrm/Air       ######       1%          2    None
h - Swiftness             Chrm/Air       ######..     1%          2    None
i - Static Discharge      Conj/Air       #####...     1%          3    None
j - Lightning Bolt        Conj/Air       #####.....   4%          5    ###....


Dungeon Overview and Level Annotations

Branches:
Dungeon (1/1)

Altars:
Cheibriados
Dithmenos
Elyvilon
Fedhas
Gozag
Kikubaaqudgha
Makhleb
Nemelex Xobeh
Okawaru
Qazlal
Ru
Sif Muna
Trog
Vehumet
Xom
Yredelemnul
Zin
The Shining One
Jiyva
Lugonu

Shops:
D %(}!=[

Annotations:
D Gastronok, Harold, Joseph, Lernaean hydra


Innate Abilities, Weirdness & Mutations

You are tiny and cannot use many weapons and most armour.
You have supernaturally acute eyesight.
You are a herbivore.
You cover ground extremely quickly.
You need consume almost no food.
You have sharp toenails.
Your body sometimes deteriorates upon taking damage.
You passively map a small area around you.
Your system is resistant to poisons.


Message History

You emit a cloud of dark smoke.
The rat closely misses you.
You hit Gastronok.
Gastronok is severely wounded.
You hit Gastronok.
Gastronok is severely wounded.
Your shadow hits Gastronok but does no damage.
You puncture Gastronok! You claw Gastronok.
Gastronok is almost dead.
Your shadow hits Gastronok but does no damage.
The rat bites you.
* * * LOW HITPOINT WARNING * * *
You puncture Gastronok! You claw Gastronok!
Gastronok is almost dead.
Your shadow hits Gastronok but does no damage.
You hit Gastronok.
Gastronok is almost dead.
Your shadow hits Gastronok but does no damage.
Gastronok waves his eye-stalks in wide circles.
The air twists around and strikes you!
You die...

#..# #..#####....#___#_.+...#
▓▓▓▓▓▓▓▓▓▓▓▓▓▓▓▓▓▓▓▓▓▓▓▓▓▓▓▓▓
▓.Y.+≈≈.≈§≈§≈.♣♣.....♣♣♣♣≈≈≈.
▓..P#≈≈≈§§§§≈≈♣♣.≈≈≈≈+♣♣'♣§§§
▓YPP#≈≈≈.§§§≈†.'.....#.%♣♣♣♣♣
▓..P#≈≈≈§§§§≈≈♣♣♣♣♣♣♣#..♣♣
..)#≈≈§.§§≈†≈♣ ###+♣♣♣♣
▓##'####'#######♣ ♣♣♣♣.##..
▓........rrw@r§§♣♣ ♣...##.##
▓#+#############§♣ ♣♣.##.##.
...#≈P..........♣ ♣..#.##.
▓...+≈≈...########♣♣ ♣♣.##.##
▓JJJ#≈≈≈.........PP♣ ♣♣.##.##
▓J..#≈≈≈≈P..PP....P♣ ♣.....##
#+#############+#############
* * #...........### *, *
#..%....%....##


You could see Gastronok, a river rat and a rat.

Vanquished Creatures
  Rupert (D)
  A greater naga (D)
  Maud (D)
  2 dire elephants (D)
  A hydra (D)
  A naga warrior (D)
  Erolcha (D)
  3 anacondas (D)
  4 death yaks (D)
  A spriggan druid (D)
  6 swamp dragons (D)
  A lindwurm (D)
  A death drake (D)
  A guardian serpent (D)
  2 elephants (D)
  2 spiny frogs (D)
  7 black mambas (D)
  A komodo dragon (D)
  A queen bee (D)
  A fire drake (D)
  A deep elf priest (D)
  3 wandering mushrooms (D)
  8 blink frogs (D)
  2 spriggans (D)
  4 redbacks (D)
  2 trapdoor spiders (D)
  A shadow (D)
  6 water moccasins (D)
  2 hill giants (D)
  A spatial vortex (D)
  2 nagas (D)
  A necrophage (D)
  3 swamp drakes (D)
  2 brain worms (D)
  3 two-headed ogres (D)
  A water elemental (D)
  A scorpion (D)
  An electric eel (D)
  32 killer bees (D)
  A jelly (D)
  Jessica (D)
  A wizard (D)
  A necromancer (D)
  3 humans (D)
  A kobold demonologist (D)
  6 adders (D)
  An ooze (D)
  2 rats (D)
132 creatures vanquished.

Vanquished Creatures (others)
  2 draconian scorchers (D)
  A hydra (D)
  3 yaktaurs (D)
6 creatures vanquished.

Grand Total: 138 creatures vanquished

Notes
Turn   | Place    | Note
--------------------------------------------------------------
     0 | D        | Kidiri the Spriggan Enchanter began the quest for the Orb.
     0 | D        | Reached XP level 1. HP: 9/9 MP: 5/5
    11 | D        | Reached skill level 5 in Stealth
    41 | D        | Noticed Jessica
    45 | D        | Killed Jessica
    45 | D        | Reached skill level 5 in Dodging
    45 | D        | Reached skill level 6 in Stealth
    45 | D        | Reached XP level 2. HP: 13/13 MP: 6/8
    45 | D        | Reached XP level 3. HP: 16/16 MP: 6/9
    49 | D        | Learned a level 2 spell: Ensorcelled Hibernation
    53 | D        | Learned a level 3 spell: Confuse
    57 | D        | Learned a level 3 spell: Tukima's Dance
    79 | D        | Noticed a scorpion
    89 | D        | Reached skill level 7 in Stealth
   105 | D        | Killed a yaktaur
   122 | D        | Killed a scorpion
   122 | D        | Reached skill level 8 in Stealth
   122 | D        | Reached skill level 5 in Spellcasting
   122 | D        | Reached skill level 5 in Hexes
   122 | D        | Reached XP level 4. HP: 21/21 MP: 10/12
   130 | D        | Learned a level 3 spell: Dazzling Spray
   153 | D        | Gained mutation: Your system is resistant to poisons. [potion of mutation]
   153 | D        | Gained mutation: You have sharp toenails. [potion of mutation]
   153 | D        | Gained mutation: You are dopey. (Int -2) [potion of mutation]
   154 | D        | Gained mutation: You passively map a small area around you. [potion of mutation]
   154 | D        | Gained mutation: Your body sometimes deteriorates upon taking damage. [potion of mutation]
   154 | D        | Lost mutation: You are dopey. (Int -2) [potion of mutation]
   186 | D        | Killed a white draconian scorcher
   268 | D        | Killed a white draconian scorcher
   348 | D        | Noticed a water elemental
   351 | D        | Killed a water elemental
   351 | D        | Reached skill level 9 in Stealth
   351 | D        | Reached skill level 1 in Ice Magic
   351 | D        | Reached XP level 5. HP: 24/24 MP: 13/15
   360 | D        | Noticed a jelly
   361 | D        | Noticed a shadow
   404 | D        | Killed a shadow
   404 | D        | Reached skill level 10 in Stealth
   404 | D        | Reached skill level 1 in Conjurations
   404 | D        | Reached XP level 6. HP: 11/28 MP: 2/17
   406 | D        | Killed a jelly
   497 | D        | Killed a yaktaur
   566 | D        | Killed a yaktaur
   624 | D        | Found a stormy altar of Qazlal.
   624 | D        | Found a sacrificial altar of Ru.
   624 | D        | Found a burning altar of Makhleb.
   624 | D        | Found a shimmering altar of Xom.
   624 | D        | Noticed a spatial vortex
   625 | D        | Found a viscous altar of Jiyva.
   625 | D        | Found a shadowy altar of Dithmenos.
   625 | D        | Found a sparkling altar of Nemelex Xobeh.
   625 | D        | Found a corrupted altar of Lugonu.
   625 | D        | Found an opulent altar of Gozag.
   629 | D        | Became a worshipper of Dithmenos the Shadowed
  1037 | D        | Killed a spatial vortex
  1037 | D        | Reached skill level 5 in Short Blades
  1037 | D        | Reached skill level 10 in Dodging
  1037 | D        | Reached skill level 11 in Stealth
  1037 | D        | Reached skill level 1 in Invocations
  1144 | D        | Found a radiant altar of Vehumet.
  1145 | D        | Found a deep blue altar of Sif Muna.
  1145 | D        | Found an ancient bone altar of Kikubaaqudgha.
  1145 | D        | Noticed a wizard
  1146 | D        | Killed a wizard
  1168 | D        | Learned a level 1 spell: Shock
  1171 | D        | Learned a level 2 spell: Repel Missiles
  1174 | D        | Learned a level 2 spell: Swiftness
  1178 | D        | Learned a level 3 spell: Static Discharge
  1192 | D        | Found a glowing silver altar of Zin.
  1193 | D        | Found a glowing golden altar of the Shining One.
  1193 | D        | Found a white marble altar of Elyvilon.
  1193 | D        | Noticed a deep elf priest
  1195 | D        | Killed a deep elf priest
  1195 | D        | Reached XP level 7. HP: 32/32 MP: 18/20
  1210 | D        | Found an iron altar of Okawaru.
  1210 | D        | Found a bloodstained altar of Trog.
  1210 | D        | Noticed a human
  1211 | D        | Noticed a human
  1213 | D        | Killed a human
  1213 | D        | Reached skill level 12 in Stealth
  1217 | D        | Killed a human
  1217 | D        | Acquired Dithmenos's first power
  1268 | D        | Learned a level 5 spell: Lightning Bolt
  1323 | D        | Found a snail-covered altar of Cheibriados.
  1323 | D        | Noticed a necrophage
  1324 | D        | Found a basalt altar of Yredelemnul.
  1324 | D        | Found a blossoming altar of Fedhas.
  1324 | D        | Noticed a necromancer
  1325 | D        | Killed a necrophage
  1325 | D        | Reached skill level 10 in Spellcasting
  1325 | D        | Reached skill level 1 in Charms
  1325 | D        | Reached XP level 8. HP: 36/36 MP: 23/23
  1326 | D        | Killed a necromancer
  1346 | D        | Noticed a two-headed ogre
  1346 | D        | Noticed a two-headed ogre
  1355 | D        | Killed a two-headed ogre
  1367 | D        | Killed a two-headed ogre
  1367 | D        | Acquired Dithmenos's second power
  1367 | D        | Reached skill level 13 in Stealth
  1367 | D        | Reached skill level 1 in Air Magic
  1597 | D        | Noticed a two-headed ogre
  1602 | D        | Killed a two-headed ogre
  1628 | D        | Noticed a hill giant
  1631 | D        | Killed a hill giant
  1637 | D        | Noticed a hill giant
  1637 | D        | Noticed Erolcha
  1638 | D        | Noticed a redback
  1639 | D        | Killed Erolcha
  1639 | D        | Reached skill level 14 in Stealth
  1639 | D        | Reached XP level 9. HP: 39/39 MP: 23/25
  1640 | D        | Killed a hill giant
  1650 | D        | Killed a redback
  1666 | D        | Noticed Harold
  1666 | D        | Noticed Joseph
  1683 | D        | Noticed a trapdoor spider
  1686 | D        | Killed a trapdoor spider
  1686 | D        | Acquired Dithmenos's third power
  1697 | D        | Noticed a trapdoor spider
  1701 | D        | Killed a trapdoor spider
  1701 | D        | Reached skill level 5 in Charms
  1910 | D        | Noticed a killer bee
  1910 | D        | Noticed a killer bee
  1910 | D        | Noticed a killer bee
  1910 | D        | Noticed a killer bee
  1910 | D        | Noticed a killer bee
  1910 | D        | Noticed a killer bee
  1910 | D        | Noticed a queen bee
  1910 | D        | Noticed a killer bee
  1910 | D        | Noticed a killer bee
  1910 | D        | Noticed a killer bee
  1910 | D        | Noticed a killer bee
  1910 | D        | Noticed a killer bee
  1910 | D        | Noticed a killer bee
  1910 | D        | Noticed a killer bee
  1910 | D        | Noticed a killer bee
  1911 | D        | Noticed a killer bee
  1911 | D        | Noticed a killer bee
  1911 | D        | Noticed a killer bee
  1911 | D        | Noticed a killer bee
  1911 | D        | Noticed a killer bee
  1911 | D        | Noticed a killer bee
  1911 | D        | Noticed a killer bee
  1911 | D        | Noticed a killer bee
  1911 | D        | Noticed a killer bee
  1911 | D        | Noticed a killer bee
  1911 | D        | Noticed a killer bee
  1911 | D        | Noticed a killer bee
  1911 | D        | Noticed a killer bee
  1911 | D        | Noticed a killer bee
  1911 | D        | Noticed a killer bee
  1911 | D        | Noticed a killer bee
  1911 | D        | Noticed a killer bee
  1911 | D        | Noticed a killer bee
  1912 | D        | Killed a killer bee
  1915 | D        | Killed a killer bee
  1915 | D        | Killed a killer bee
  1918 | D        | Killed a killer bee
  1918 | D        | Reached skill level 5 in Invocations
  2244 | D        | Killed a killer bee
  2244 | D        | Acquired Dithmenos's fourth power
  2248 | D        | Killed a killer bee
  2250 | D        | Killed a killer bee
  2252 | D        | Killed a killer bee
  2254 | D        | Killed a killer bee
  2261 | D        | Killed a killer bee
  2263 | D        | Killed a killer bee
  2266 | D        | Killed a killer bee
  2268 | D        | Killed a killer bee
  2415 | D        | Killed a killer bee
  2415 | D        | Reached skill level 5 in Ice Magic
  2420 | D        | Killed a killer bee
  2423 | D        | Killed a killer bee
  2429 | D        | Killed a killer bee
  2431 | D        | Killed a killer bee
  2431 | D        | Reached skill level 15 in Stealth
  2435 | D        | Killed a killer bee
  2437 | D        | Killed a killer bee
  2450 | D        | Killed a killer bee
  2452 | D        | Killed a killer bee
  2454 | D        | Killed a queen bee
  2454 | D        | Reached XP level 10. HP: 41/44 MP: 2/27
  2457 | D        | Killed a killer bee
  2603 | D        | Killed a killer bee
  2605 | D        | Killed a killer bee
  2607 | D        | Killed a killer bee
  2615 | D        | Killed a killer bee
  2621 | D        | Killed a killer bee
  2623 | D        | Killed a killer bee
  2635 | D        | Killed a killer bee
  2639 | D        | Killed a killer bee
  2654 | D        | Killed a killer bee
  2729 | D        | Noticed a wandering mushroom
  2730 | D        | Noticed a wandering mushroom
  2730 | D        | Noticed a wandering mushroom
  2731 | D        | Killed a wandering mushroom
  2731 | D        | Reached skill level 5 in Conjurations
  2734 | D        | Killed a wandering mushroom
  2736 | D        | Killed a wandering mushroom
  2801 | D        | Noticed a spiny frog
  2801 | D        | Noticed a komodo dragon
  2801 | D        | Noticed a spiny frog
  2804 | D        | Killed a spiny frog
  2806 | D        | Killed a spiny frog
  2806 | D        | Reached skill level 16 in Stealth
  2809 | D        | Killed a komodo dragon
  2839 | D        | Noticed a redback
  2841 | D        | Killed a redback
  2841 | D        | Reached skill level 15 in Dodging
  2842 | D        | Noticed a brain worm
  2846 | D        | Killed a brain worm
  2854 | D        | Noticed a brain worm
  2856 | D        | Killed a brain worm
  2862 | D        | Noticed a lindwurm
  2864 | D        | Noticed a redback
  2865 | D        | Killed a lindwurm
  2867 | D        | Killed a redback
  2872 | D        | Noticed a redback
  2873 | D        | Killed a redback
  2873 | D        | Reached skill level 5 in Air Magic
  2874 | D        | Noticed Maud
  2877 | D        | Killed Maud
  2877 | D        | Reached skill level 10 in Hexes
  2877 | D        | Reached XP level 11. HP: 47/47 MP: 29/29
  2881 | D        | Noticed an electric eel
  2882 | D        | Noticed an eight-headed hydra
  2882 | D        | Noticed a six-headed hydra
  2883 | D        | Killed an electric eel
  2953 | D        | Killed an eight-headed hydra
  3077 | D        | Killed a six-headed hydra
  3077 | D        | Reached skill level 17 in Stealth
  3236 | D        | Noticed a death drake
  3241 | D        | Killed a death drake
  3351 | D        | Found a blossoming altar of Fedhas.
  3351 | D        | Noticed a spriggan
  3351 | D        | Noticed a spriggan druid
  3351 | D        | Noticed a spriggan
  3353 | D        | Killed a spriggan druid
  3354 | D        | Killed a spriggan
  3355 | D        | Killed a spriggan
  3379 | D        | Noticed a swamp dragon
  3384 | D        | Killed a swamp dragon
  3385 | D        | Noticed a swamp dragon
  3387 | D        | Killed a swamp dragon
  3388 | D        | Noticed a swamp drake
  3391 | D        | Killed a swamp drake
  3395 | D        | Noticed a swamp dragon
  3395 | D        | Noticed a swamp drake
  3396 | D        | Found Jahimmi's Distillery.
  3396 | D        | Found Quk Rach's Jewellery Shop.
  3396 | D        | Found Dayppiess's Antique Armour Shoppe.
  3396 | D        | Noticed a swamp dragon
  3396 | D        | Noticed a swamp dragon
  3398 | D        | Killed a swamp dragon
  3400 | D        | Killed a swamp drake
  3402 | D        | Killed a swamp dragon
  3402 | D        | Reached skill level 18 in Stealth
  3403 | D        | Noticed a swamp dragon
  3404 | D        | Killed a swamp dragon
  3406 | D        | Killed a swamp dragon
  3569 | D        | Noticed a four-headed hydra
  3569 | D        | Noticed a swamp dragon
  3569 | D        | Noticed the 27-headed Lernaean hydra
  3636 | D        | Noticed a swamp drake
  3636 | D        | Noticed a fire drake
  3649 | D        | Killed a swamp drake
  3649 | D        | Reached skill level 10 in Short Blades
  3662 | D        | Killed a fire drake
  3707 | D        | Noticed a blink frog
  3707 | D        | Noticed a blink frog
  3707 | D        | Noticed a blink frog
  3707 | D        | Noticed a blink frog
  3708 | D        | Noticed a blink frog
  3710 | D        | Killed a blink frog
  3714 | D        | Killed a blink frog
  3717 | D        | Killed a blink frog
  3719 | D        | Killed a blink frog
  3721 | D        | Killed a blink frog
  3771 | D        | Noticed Rupert
  3773 | D        | Killed Rupert
  3773 | D        | Reached skill level 15 in Spellcasting
  3773 | D        | Reached skill level 10 in Charms
  3773 | D        | Reached XP level 12. HP: 50/50 MP: 26/32
  3803 | D        | Noticed a death yak
  3804 | D        | Noticed a death yak
  3804 | D        | Noticed a blink frog
  3805 | D        | Noticed an azure jelly
  3805 | D        | Noticed a death yak
  3805 | D        | Noticed an azure jelly
  3805 | D        | Noticed a blink frog
  3805 | D        | Noticed a death yak
  3806 | D        | Killed a death yak
  3806 | D        | Reached skill level 19 in Stealth
  3807 | D        | Killed a blink frog
  3808 | D        | Killed a death yak
  3809 | D        | Noticed a blink frog
  3809 | D        | Noticed a black mamba
  3810 | D        | Killed a death yak
  3811 | D        | Noticed a black mamba
  3812 | D        | Killed a blink frog
  3814 | D        | Killed a blink frog
  3815 | D        | Killed a death yak
  3817 | D        | Killed a black mamba
  3820 | D        | Killed a black mamba
  3839 | D        | Noticed an azure jelly
  3839 | D        | Noticed an azure jelly
  3855 | D        | Noticed a water moccasin
  3856 | D        | Noticed an anaconda
  3856 | D        | Noticed an anaconda
  3856 | D        | Noticed a black mamba
  3856 | D        | Noticed a black mamba
  3858 | D        | Killed a water moccasin
  3859 | D        | Noticed a black mamba
  3860 | D        | Killed an anaconda
  3861 | D        | Killed an anaconda
  3862 | D        | Killed a black mamba
  3865 | D        | Killed a black mamba
  3868 | D        | Killed a black mamba
  3868 | D        | Reached skill level 20 in Stealth
  3890 | D        | Noticed a black mamba
  3890 | D        | Noticed a black mamba
  3890 | D        | Noticed a water moccasin
  3890 | D        | Noticed a water moccasin
  3892 | D        | Noticed a water moccasin
  3893 | D        | Killed a water moccasin
  3898 | D        | Killed a black mamba
  3899 | D        | Killed a water moccasin
  3902 | D        | Killed a black mamba
  3905 | D        | Killed a water moccasin
  3922 | D        | Noticed a water moccasin
  3922 | D        | Noticed an anaconda
  3922 | D        | Noticed a water moccasin
  3933 | D        | Killed a water moccasin
  3941 | D        | Killed an anaconda
  3944 | D        | Killed a water moccasin
  4046 | D        | Noticed a naga
  4046 | D        | Noticed a naga
  4047 | D        | Noticed a naga warrior
  4047 | D        | Noticed a greater naga
  4047 | D        | Found Nojism's Food Boutique.
  4047 | D        | Found Abbesoz's Antique Weapon Emporium.
  4048 | D        | Killed a naga
  4049 | D        | Killed a naga
  4050 | D        | Found Nolan's Gadget Shop.
  4051 | D        | Killed a naga warrior
  4052 | D        | Killed a greater naga
  4071 | D        | Noticed a guardian serpent
  4073 | D        | Killed a guardian serpent
  4073 | D        | Reached XP level 13. HP: 54/54 MP: 28/34
  4076 | D        | Got a serpentine rune of Zot
  4156 | D        | Noticed an elephant
  4156 | D        | Noticed an elephant
  4156 | D        | Noticed a dire elephant
  4156 | D        | Noticed a dire elephant
  4156 | D        | Noticed Gastronok
  4171 | D        | Killed a dire elephant
  4182 | D        | Killed a dire elephant
  4184 | D        | Killed an elephant
  4191 | D        | Killed an elephant
  4191 | D        | Reached skill level 21 in Stealth
  4468 | D        | Killed from afar by Gastronok

Vault maps used:
D:        dungeon_sprint_mu

Action                   |  1- 3 |  4- 6 |  7- 9 | 10-12 | 13-15 || total
-------------------------+-------+-------+-------+-------+-------++-------
Melee: Dagger            |     9 |    33 |    37 |    89 |    35 ||   203
 Cast: Ensorcelled Hiber |     1 |     1 |    44 |    24 |     4 ||    74
       Corona            |     1 |       |       |       |       ||     1
       Dazzling Spray    |       |    17 |     4 |     9 |     5 ||    35
       Confuse           |       |     1 |       |     2 |     2 ||     5
Invok: Shadow Step       |       |       |     1 |    19 |       ||    20
  Use: Scroll            |       |     5 |       |     1 |       ||     6
       Potion            |       |     2 |       |       |     2 ||     4
 Stab: Sleeping          |     6 |     4 |    33 |    71 |     2 ||   116
       Invisible         |       |     1 |     1 |     2 |     4 ||     8
  Eat: Bread ration      |       |       |       |     1 |       ||     1
